 Dungeon Crawl Stone Soup version 0.21-a0-221-gfe971b9 (webtiles) character file.

6273 motkurip the Nimble (level 10, -11/73 HPs)
             Began as an Octopode Necromancer on Aug 27, 2017.
             Was a Believer of Kikubaaqudgha.
             Mangled by a death yak (25 damage)
             ... on level 8 of the Dungeon.
             The game lasted 00:30:16 (9885 turns).

motkurip the Nimble (Octopode Necromancer)          Turns: 9885, Time: 00:30:17

Health: -11/73     AC:  1    Str: 11    XL:     10   Next: 94%
Magic:  8/20       EV: 19    Int: 19    God:    Kikubaaqudgha [**....]
Gold:   264        SH:  0    Dex: 15    Spells: 11/23 levels left

rFire    . . .     SeeInvis .   n - +6 quarterstaff "Kamoteuh" {elec, rElec rN+ Str+4}
rCold    . . .     Gourm    .   (shield currently unavailable)
rNeg     + . .     Faith    .   (helmet restricted)
rPois    +         Spirit   .   (no amulet)
rElec    +         Reflect  .   E - ring of poison resistance
rCorr    .         Harm     .   (no ring)
MR       .....                  (no ring)
Stlth    +++.......             (no ring)
HPRegen  0.22/turn              (no ring)
MPRegen  0.17/turn              (no ring)
                                (no ring)
                                (no ring)

@: no status effects
A: almost no armour, stealthy swim, amphibious, 8 rings, constrict 8, camouflage
1, gelatinous body 1
a: Receive Corpses, Renounce Religion


You were on level 8 of the Dungeon.
You worshipped Kikubaaqudgha.
Kikubaaqudgha was pleased with you.
You were not hungry.

You visited 2 branches of the dungeon, and saw 10 of its levels.

You collected 499 gold pieces.
You spent 235 gold pieces at shops.

Inventory:

Hand Weapons
 j - a +0 dagger
 m - a +1 vampiric war axe
 n - the +6 quarterstaff "Kamoteuh" (weapon) {elec, rElec rN+ Str+4}
   (You found it on level 9 of the Dungeon)

   Occasionally, upon striking a foe, it will discharge some electrical energy
   and cause terrible harm.
   It affects your strength (+4).
   It insulates you from electricity.
   It protects you from negative energy.
 J - a +5 flail of crushing
Armour
 h - a +0 large shield
 y - the +0 buckler of Jotuchas {Stlth+}
   (You bought it in a shop on level 4 of the Dungeon)

   It makes you more stealthy.
Jewellery
 D - the ring "Iduirch" {Ice rN+}
   (You found it on level 5 of the Dungeon)

   [ring of ice]

   It enhances your ice magic.
   It makes you vulnerable to fire.
   It protects you from cold.
   It protects you from negative energy.
 E - a ring of poison resistance (left tentacle)
Wands
 N - a wand of flame (1/48)
 P - a wand of iceblast (5/15)
 Q - a wand of iceblast (5/15)
 R - a wand of confusion (9/48)
 T - a wand of digging (8/24)
Scrolls
 c - 4 scrolls of remove curse
 e - 2 scrolls of magic mapping
 g - a scroll of enchant armour {unknown}
 l - 3 scrolls of immolation
 o - 2 scrolls of fog {unknown}
 q - a scroll of enchant weapon {unknown}
 r - 2 scrolls of fear {unknown}
 w - a scroll of random uselessness {unknown}
 x - 4 scrolls of teleportation
 A - 2 scrolls of amnesia {unknown}
 C - a scroll of recharging {unknown}
 S - a scroll of summoning {unknown}
Potions
 d - 2 potions of heal wounds {unknown}
 f - 2 potions of degeneration {unknown}
 k - a potion of flight {unknown}
 p - a potion of resistance {unknown}
 t - a potion of lignification {unknown}
 v - 5 potions of curing
 z - a potion of might {unknown}
 B - 4 potions of mutation {unknown}
 G - a potion of cancellation {unknown}
 H - a potion of haste {unknown}
 I - 2 potions of invisibility {unknown}
 L - a potion of agility {unknown}
 O - a potion of ambrosia {unknown}
Books
 a - a book of Necromancy

   Spells                             Type                      Level
   a - Pain                           Necromancy                   1
   b - Animate Skeleton               Necromancy                   1
   c - Vampiric Draining              Necromancy                   3
   d - Regeneration                   Charms/Necromancy            3
   e - Animate Dead                   Necromancy                   4
   f - Control Undead                 Necromancy                   4
 u - a book of Minor Magic

   Spells                             Type                      Level
   a - Magic Dart                     Conjuration                  1
   b - Blink                          Translocation                2
   c - Call Imp                       Summoning                    2
   d - Slow                           Hexes                        2
   e - Conjure Flame                  Conjuration/Fire             3
   f - Mephitic Cloud                 Conjuration/Poison/Air       3
 K - a book of Frost

   Spells                             Type                      Level
   a - Freeze                         Ice                          1
   b - Throw Frost                    Conjuration/Ice              2
   c - Ozocubu's Armour               Charms/Ice                   3
   d - Throw Icicle                   Conjuration/Ice              4
   e - Summon Ice Beast               Ice/Summoning                4
 M - Kikubaaqudgha's Papyrus of Sinister Secrets
   (Kikubaaqudgha gifted it to you on level 6 of the Dungeon)

   Spells                             Type                      Level
   a - Pain                           Necromancy                   1
   b - Corpse Rot                     Necromancy                   2
   c - Sublimation of Blood           Necromancy                   2
   d - Vampiric Draining              Necromancy                   3
   e - Control Undead                 Necromancy                   4
Comestibles
 b - 4 bread rations
 i - 17 royal jellies
 s - 6 meat rations
 F - a fruit
 U - 7 chunks of flesh


   Skills:
 + Level 8.7 Fighting
 + Level 9.1 Dodging
 - Level 2.6 Stealth
 - Level 4.0 Shields
 - Level 7.1 Spellcasting
 - Level 7.1 Necromancy


You had 11 spell levels left.
You knew the following spells:

 Your Spells              Type           Power        Failure   Level  Hunger
a - Control Undead        Necr           ####......   5%          4    ###....
f - Pain                  Necr           ####         1%          1    None
k - Animate Skeleton      Necr           N/A          1%          1    None
r - Regeneration          Chrm/Necr      ###.......   7%          3    #......
v - Vampiric Draining     Necr           ####......   1%          3    #......


Dungeon Overview and Level Annotations

Branches:
Dungeon (9/15)             Temple (1/1) D:5            Lair (0/6) D:9
    Orc: D:9-12

Altars:
Ashenzari
Cheibriados
Dithmenos
Fedhas
Gozag
Kikubaaqudgha
Nemelex Xobeh
Okawaru
Qazlal
Sif Muna
Trog
Uskayaw
Wu Jian
Xom
Yredelemnul
Zin

Shops:
D:4 [   D:9 %:?*

Annotations:
D:3 Grinder
D:6 exclusion: 3 slaves, Pikel
D:7 exclusion: killer bee, Tungsten's ghost, novice OgWz


Innate Abilities, Weirdness & Mutations

You cannot wear most types of armour.
You are very stealthy in the water. (Stealth+)
You are amphibious.
You can wear up to eight rings at the same time.
You can use your tentacles to constrict eight enemies at once.
Your skin changes colour to match your surroundings (Stealth+).
Your rubbery body absorbs attacks. (AC +1, EV +1)


Message History

Aim: a death yak (heavily wounded)
The death yak is heavily wounded.
You feel life coursing into your body. The death yak gores you!!
* * * LOW HITPOINT WARNING * * *
Casting: Vampiric Draining
Confirm with . or Enter, or press ? or * to list all spells.
Aiming: Vampiric Draining
Press: ? - help, Shift-Dir - straight line, f/p - death yak
Aim: a death yak (heavily wounded)
The death yak is severely wounded.
You feel life coursing into your body. The death yak misses you.
Casting: Vampiric Draining
Confirm with . or Enter, or press ? or * to list all spells.
Aiming: Vampiric Draining
Press: ? - help, Shift-Dir - straight line, f/p - death yak
Aim: a death yak (severely wounded)
The death yak is almost dead.
You feel life coursing into your body. The death yak gores you!!
You die...
Kikubaaqudgha rasps: "You have failed me!
Welcome... death!"

#...........####............##
#.............##.........##...
#.........#......#####...####.
###...........##.# #...#....
#...............# #........
#....≈######..#######......#.
#...≈##### #..####....#.##...
#....#..Z###........###.##.#.
##...≈'.#Z'.#@......###.....#.
#.....#...###Y###..####.......
#....≈#######.###.............
#.....≈#####.#................
#..........#.#.##.....#.......
#.#######.#.........#.#####...
##.....##......#######.# #...
#..###....#...## #.# #... #.##
####....## #.#####...


You could see a death yak.

Vanquished Creatures
  A two-headed ogre (D:9)
  A death yak (D:8)
  A troll (D:9)
  A hippogriff (D:8)
  Sigmund (D:3)
  9 yaks
  A wyvern (D:9)
  Edmund (D:5)
  An orc warrior (D:8)
  2 sky beasts
  2 ogres
  4 centaurs
  6 bullfrogs
  11 killer bees (D:9)
  A howler monkey (D:8)
  3 crimson imps
  3 jellies (D:8)
  4 hounds
  A gnoll shaman (D:7)
  3 orc priests
  An orc wizard (D:8)
  Crazy Yiuf (D:4)
  Jessica (D:3)
  2 bullfrog skeletons
  3 iguanas
  4 worker ants
  7 gnolls
  7 adders
  2 shadow imps
  7 oozes
  3 worms
  4 dart slugs
  4 leopard geckos
  21 orcs
  A ball python (D:1)
  2 giant cockroaches
  20 goblins
  8 hobgoblins
  5 jackals
  5 kobolds (D:1)
  6 quokkas
  8 bats
  5 frilled lizards
  A leopard gecko skeleton (D:6)
  A quokka skeleton (D:6)
  11 rats
197 creatures vanquished.

Vanquished Creatures (collateral kills)
  A yak (D:8)
  A water moccasin (D:8)
  An ice beast (D:8)
  A bullfrog (D:7)
  A howler monkey (D:8)
  A worker ant zombie (D:7)
  An ooze (D:1)
  An orc (D:8)
  A hobgoblin (D:2)
  A ball python (D:1)
10 creatures vanquished.

Grand Total: 207 creatures vanquished

Notes
Turn   | Place    | Note
-------+----------+-------------------------------------------
     0 | D:1      | motkurip the Octopode Necromancer began the quest for the Orb.
     0 | D:1      | Reached XP level 1. HP: 11/11 MP: 3/3
   152 | D:1      | Reached XP level 2. HP: 5/17 MP: 0/5
   155 | D:1      | Learned a level 1 spell: Animate Skeleton
   841 | D:1      | Reached XP level 3. HP: 20/21 MP: 4/6
   844 | D:1      | Reached skill level 5 in Necromancy
  1253 | D:2      | Found a faded altar of an unknown god.
  1342 | D:2      | Found a shadowy altar of Dithmenos.
  1342 | D:2      | Found a shimmering altar of Xom.
  1344 | D:2      | Found a bloodstained altar of Trog.
  1344 | D:2      | Found a deep blue altar of Sif Muna.
  1385 | D:2      | Found an iron altar of Okawaru.
  1385 | D:2      | Found a stormy altar of Qazlal.
  1385 | D:2      | Found an ornate altar of the Wu Jian Council.
  1411 | D:2      | Reached XP level 4. HP: 19/27 MP: 1/7
  1507 | D:2      | Learned a level 3 spell: Vampiric Draining
  1789 | D:2      | Reached skill level 1 in Shields
  1870 | D:2      | Found a basalt altar of Yredelemnul.
  1870 | D:2      | Found a faded altar of an unknown god.
  1875 | D:2      | Found a faded altar of an unknown god.
  1882 | D:2      | Found an opulent altar of Gozag.
  1883 | D:2      | Found a shattered altar of Ashenzari.
  2081 | D:3      | Noticed Sigmund
  2091 | D:3      | Killed Sigmund
  2091 | D:3      | Reached XP level 5. HP: 26/31 MP: 1/8
  2091 | D:3      | Reached XP level 6. HP: 30/36 MP: 1/9
  2827 | D:3      | Noticed Jessica
  2851 | D:3      | Killed Jessica
  2948 | D:3      | Noticed Grinder
  3675 | D:4      | Reached XP level 7. HP: 18/41 MP: 0/10
  3746 | D:4      | Found Sitappul's Antique Armour Shoppe.
  3749 | D:4      | Bought a pitted buckler for 190 gold pieces
  3759 | D:4      | Identified the +0 buckler of Jotuchas {Stlth+} (You bought it in a shop on level 4 of the Dungeon)
  3765 | D:4      | Learned a level 4 spell: Control Undead
  3855 | D:4      | Found a runed door.
  4146 | D:4      | Reached skill level 1 in Fighting
  4428 | D:5      | Entered Level 5 of the Dungeon
  4492 | D:4      | Noticed Crazy Yiuf
  4497 | D:4      | Killed Crazy Yiuf
  4554 | D:5      | Found a staircase to the Ecumenical Temple.
  4570 | Temple   | Entered the Ecumenical Temple
  4604 | Temple   | Became a worshipper of Kikubaaqudgha
  4655 | D:5      | Got a clouded glass ring
  4679 | D:5      | Identified the ring "Iduirch" {Ice rN+} (You found it on level 5 of the Dungeon)
  5159 | D:5      | Reached skill level 3 in Dodging
  5586 | D:6      | Noticed Pikel
  5846 | D:6      | Learned a level 3 spell: Regeneration
  5895 | D:6      | Reached XP level 8. HP: 40/51 MP: 5/12
  6004 | D:6      | Noticed Edmund
  6064 | D:5      | Killed Edmund
  6195 | D:6      | Reached skill level 4 in Dodging
  6280 | D:6      | Found a hide-covered altar of Uskayaw.
  6509 | D:6      | Reached * piety under Kikubaaqudgha
  6509 | D:6      | Identified Kikubaaqudgha's Papyrus of Sinister Secrets (Kikubaaqudgha gifted it to you on level 6 of the Dungeon)
  6509 | D:6      | Received a gift from Kikubaaqudgha
  6556 | D:7      | Noticed Tungsten's ghost (novice OgWz)
  6950 | D:7      | Reached skill level 5 in Dodging
  7059 | D:7      | Reached skill level 5 in Fighting
  7310 | D:8      | Noticed a two-headed ogre
  7346 | D:8      | Reached skill level 6 in Dodging
  7346 | D:8      | Reached XP level 9. HP: 48/61 MP: 5/14
  7557 | D:8      | Reached ** piety under Kikubaaqudgha
  7810 | D:9      | Found Joebai's Food Emporium.
  7975 | D:9      | Noticed a troll
  7990 | D:9      | Killed a troll
  8150 | D:9      | Got a bloodstained quarterstaff
  8156 | D:9      | Identified the +6 quarterstaff "Kamoteuh" {elec, rElec rN+ Str+4} (You found it on level 9 of the Dungeon)
  8171 | D:9      | Reached skill level 7 in Dodging
  8242 | D:9      | Reached skill level 5 in Spellcasting
  8353 | D:9      | Noticed a death yak
  8354 | D:9      | Found a staircase to the Lair.
  8362 | D:9      | Noticed a death yak
  8363 | D:9      | Noticed a death yak
  8370 | D:8      | Reached XP level 10. HP: 45/71 MP: 10/18
  8549 | D:9      | Found Zoluruis's Assorted Antiques.
  8775 | D:9      | Killed a two-headed ogre
  8775 | D:9      | Reached skill level 8 in Dodging
  9021 | D:9      | Found Yskoet's Book Boutique.
  9192 | D:9      | Found Kygit's Magic Scroll Boutique.
  9228 | D:9      | Bought a scroll of magic mapping for 45 gold pieces
  9287 | D:9      | Found a snail-covered altar of Cheibriados.
  9521 | D:8      | Killed a death yak
  9657 | D:8      | Reached skill level 9 in Dodging
  9885 | D:8      | Mangled by a death yak

Vault maps used:
D:1:      onia_arrival_mini_maze, serial_corexii_hall, corexii_hall_statues_x,
          corexii_hall_statues_x
D:2:      cheibrodos_greedy_goblins, grunt_temple_overflow_open,
          chequers_temple_overflow_minitemple, chequers_ecumenical_altar_simple,
          first_bread, minmay_tripent
D:3:      portal_sewer_entry_d, uniq_sigmund, uniq_jessica, uniq_grinder
D:4:      serial_shops, shop, uniq_crazy_yiuf_cottage
D:5:      minmay_temple_entry_trees, kennysheep_boxes
D:6:      lemuel_coloured_pillars_altar, uniq_edmund, uniq_pikel
D:8:      hangedman_little_slice_of_home
D:9:      cheibrodos_worm_habitat, dpeg_lair_monsters, serial_shops,
          nicolae_shop_temple_entry_statues_fountains, nicolae_shop_crystal,
          shop_statue, shop
Temple:   jpeg_temple_alley_garden

Skill      XL: |  1  2  3  4  5  6  7  8  9 10 |
---------------+-------------------------------+-----
Necromancy     | 5 6 7 |  7.1
Shields        | 2 4 |  4.0
Fighting       | 2 5 7 8 |  8.7
Dodging        | 3 6 7 9 |  9.1
Spellcasting   | 3 5 7 |  7.1
Stealth        | |  2.6

Action                   |  1- 3 |  4- 6 |  7- 9 | 10-12 || total
-------------------------+-------+-------+-------+-------++-------
Melee: Unarmed           |    22 |       |       |       ||    22
       Tentacles         |    10 |    19 |    50 |    12 ||    91
       Constrict         |     8 |    33 |    50 |     6 ||    97
       Short sword       |     5 |       |       |       ||     5
       Dagger            |    14 |   110 |   279 |       ||   403
       Quarterstaff      |       |       |    16 |    65 ||    81
 Cast: Pain              |    37 |    20 |    16 |     4 ||    77
       Animate Skeleton  |    11 |    15 |    21 |     8 ||    55
       Vampiric Draining |       |    11 |    62 |    24 ||    97
       Control Undead    |       |       |     4 |       ||     4
       Regeneration      |       |       |       |     1 ||     1
Evoke: Wand              |       |       |     5 |     9 ||    14
  Use: Scroll            |       |     1 |     5 |       ||     6
 Stab: Sleeping          |     2 |     7 |    15 |       ||    24
       Distracted        |     1 |       |     2 |       ||     3
  Eat: Chunk             |     2 |     9 |    21 |     6 ||    38
Armor: Skin              |     6 |     8 |     5 |     2 ||    21
Dodge: Dodged            |    30 |    49 |   191 |    81 ||   351
Block: Buckler           |       |    15 |    71 |       ||    86

Table legend:
 A = Spawn XP
 B = Non-spawn XP
 C = Spawn XP percentage of total XP
 D = Spawn monster count
 E = Non-spawn monster count
 F = Spawn count percentage of total count
 G = Total turns spent on level
                    A         B        C        D         E        F      G
               +---------+---------+-------+---------+---------+-------+---------
         Total |    2003 |    6959 |  22.3 |      41 |     166 |  19.8 |  9885
               +---------+---------+-------+---------+---------+-------+---------
           D:1 |      16 |      47 |  25.4 |       5 |      26 |  16.1 |  1231
           D:2 |      11 |      64 |  14.7 |       3 |      30 |   9.1 |   847
           D:3 |       6 |     418 |   1.4 |       3 |      23 |  11.5 |  1251
           D:4 |      33 |     251 |  11.6 |       1 |       8 |  11.1 |  1196
           D:5 |       0 |     328 |   0.0 |       0 |      10 |   0.0 |  1060
           D:6 |     217 |     258 |  45.7 |       9 |       6 |  60.0 |   878
           D:7 |      58 |     270 |  17.7 |       3 |      13 |  18.8 |   545
           D:8 |    1193 |    2274 |  34.4 |       8 |      26 |  23.5 |  1267
           D:9 |     469 |    3049 |  13.3 |       9 |      24 |  27.3 |  1550
               +---------+---------+-------+---------+---------+-------+---------
